 Dungeon Crawl Stone Soup version 0.31.0-12-g77e489cdc1 (webtiles) character file.

Game seed: 6598761771712833078

25 McKennaii the Conjurer (level 2, 20/20 HPs)
             Began as a Demigod Conjurer on Feb 28, 2024.
             Quit the game on level 1 of the Dungeon.
             The game lasted 00:01:00 (806 turns).

McKennaii the Conjurer (Demigod Conjurer)            Turns: 806, Time: 00:01:00

Health: 20/20      AC:  2    Str:  8    XL:     2   Next: 63%
Magic:  7/7        EV: 12    Int: 20    God:
Gold:   45         SH:  0    Dex: 12    Spells: 4/5 levels left

rFire   . . .        h - +1 dagger (drain)
rCold   . . .        (no shield)
rNeg    . . .        a - +0 robe
rPois   .            (no helmet)
rElec   .            (no cloak)
rCorr   .            (no gloves)
SInv    .            (no boots)
Will    .....        (no amulet)
Stlth   ++           (no ring)
HPRegen 0.23/turn    (no ring)
MPRegen 0.10/turn

%: no passive effects
@: no status effects
A: high MP 1, forlorn, divine attributes
a: no special abilities


You were on level 1 of the Dungeon.
You visited 1 branch of the dungeon, and saw 1 of its levels.

You collected 45 gold pieces.

Inventory:

Hand Weapons
 h - a +1 dagger of draining (weapon)
Armour
 a - a +0 robe (worn)
Scrolls
 c - a scroll of enchant armour {unknown}
 f - a scroll of teleportation {unknown}
 g - a scroll of acquirement {unknown}
Potions
 b - a potion of magic
 d - a potion of cancellation {unknown}
 e - a potion of might {unknown}


   Skills:
 - Level 1.7 Dodging
 - Level 1.7 Stealth
 + Level 2.4 Spellcasting
 + Level 4.0 Conjurations


You had 4 spell levels left.
You knew the following spells:

 Your Spells              Type           Power      Damage    Failure   Level
a - Magic Dart            Conj           72%        1d6       2%          1

Your spell library contained the following spells:

 Spells                   Type           Power      Damage    Failure   Level
 Searing Ray              Conj           36%        2d5       4%          2
 Sting                    Conj/Alch      40%        1d5       7%          1
 Apportation              Tloc           4%         N/A       16%         1
 Necrotise                Necr           8%         1d4       16%         1
 Summon Small Mammal      Summ           8%         N/A       16%         1
 Fulminant Prism          Conj/Alch      5%         3d6       54%         4
 Iskenderun's Mystic Bla  Conj/Tloc      10%        2d4       54%         4


Dungeon Overview and Level Annotations

Branches:
Dungeon (1/15)


Innate Abilities, Weirdness & Mutations

You have an increased reservoir of magic. (+10% MP)
You shall have no god before yourself.
Your divine heritage dramatically boosts your attributes as you level up.


Message History

The magic dart hits the rat.
You kill the rat!
You see here a +0 war axe.
Key pressed, stopping explore.
No target in view!
You can't see any susceptible monsters within range! (Use Z to cast anyway.)
A rat comes into view.
A rat comes into view.
The rat squeaks loudly.
The magic dart hits the rat.
You kill the rat!
A rat is nearby!
The magic dart hits the rat.
You kill the rat!
No target in view!
A bat comes into view.
The magic dart hits the bat but does no damage.
A bat comes into view.
The bat misses you.
There are monsters nearby!
The magic dart hits the bat.
The bat is severely wounded.
The bat hits you but does no damage.
You barely miss the bat.
The bat is severely wounded.
The bat hits you but does no damage.
There are monsters nearby!
The magic dart hits the bat.
You kill the bat!
A bat is nearby!
The bat hits you but does no damage.
The magic dart hits the bat.
You kill the bat!
Key pressed, stopping explore.
No target in view!
You can't see any susceptible monsters within range! (Use Z to cast anyway.)
There is a stone staircase leading down here.
Done exploring.
You can't see any susceptible monsters within range! (Use Z to cast anyway.) Are you sure you want to abandon this character and quit the game? (Confirm with "yes".)

..♣...⌠.<.⌠..♣♣.#.....#..>.....##
...♣8.......8.♣.#######........##
..♣♣.8..⌠..8.♣..# #..........#
..§§♣♣8...8♣♣...## #..........#
..§§♣§.8.8..♣♣...# ##........##
..☼§§♣♣♣♣.♣♣.∩.#.# ####..##..##
.§..§♣..♣♣.♣§..#.# #..####..##
.....☼♣♣.♣.##.##.## #.## #.##
......§........#@.###.#####.#
#######.........#.#.........#
#.....#######.............#
###.##..# #.............#
#...##.## ###>..####......#
..###..# #...#)###########
####..## ##.#.#....### # #.##
#...........## #
#.#######...###.###..#


There were no monsters in sight!

Vanquished Creatures
  3 ball pythons (D:1)
  5 bats (D:1)
  3 endoplasms (D:1)
  A giant cockroach (D:1)
  2 hobgoblins (D:1)
  5 goblins (D:1)
  4 rats (D:1)
23 creatures vanquished.

Notes
Turn   | Place    | Note
-------+----------+-------------------------------------------
     0 | D:1      | McKennaii the Demigod Conjurer began the quest for the Orb.
     0 | D:1      | Reached XP level 1. HP: 14/14 MP: 5/5
   278 | D:1      | Reached XP level 2. HP: 20/20 MP: 3/7
   541 | D:1      | Reached skill level 4 in Conjurations
   806 | D:1      | Quit the game

Illustrated notes

Levels and vault maps discovered:
D:1:      heliophobic_arrival_enchanted_forest, layout_rooms, st_stairs_5,
          minmay_box_of_dots

Skill      XL: |  1  2 |
---------------+-------+-----
Spellcasting   | 2 |  2.4
Conjurations   | 4 |  4.0
Dodging        | |  1.7
Stealth        | |  1.7

Action                     || total
---------------------------++-------
  Melee: Dagger            ||     3
   Cast: Magic Dart        ||    43
 Armour: Robe              ||     8
  Dodge: Dodged            ||    11
